 Dungeon Crawl Stone Soup version 0.21.1-1-g345015f (webtiles) character file.

3273 lorenzova the Thaumaturge (level 9, -3/45 HPs)
             Began as a Deep Elf Conjurer on July 26, 2018.
             Was a Follower of Vehumet.
             Slain by a merfolk
             ... wielding a +0 spear
              (14 damage)
             ... on level 9 of the Dungeon.
             The game lasted 00:24:00 (10635 turns).

lorenzova the Thaumaturge (Deep Elf Conjurer)      Turns: 10635, Time: 00:24:01

Health: -3/45      AC:  6    Str:  5    XL:     9   Next: 68%
Magic:  4/26       EV: 12    Int: 24    God:    Vehumet [*.....]
Gold:   486        SH:  0    Dex: 15    Spells: 20/31 levels left

rFire    + . .     SeeInvis .   w - +2 dagger (venom)
rCold    . . .     Gourm    .   (no shield)
rNeg     + . .     Faith    .   C - +0 leather armour (curse)
rPois    .         Spirit   .   r - +0 helmet
rElec    .         Reflect  .   (no cloak)
rCorr    .         Harm     .   (no gloves)
MR       .....                  t - +1 pair of boots
Stlth    ++........             (no amulet)
HPRegen  0.15/turn              u - ring of positive energy
MPRegen  0.20/turn              o - ring of protection from fire

@: no status effects
A: no striking features
a: Renounce Religion


You were on level 9 of the Dungeon.
You worshipped Vehumet.
Vehumet was aware of your devotion.
You were very hungry.

You visited 2 branches of the dungeon, and saw 10 of its levels.

You collected 486 gold pieces.

Inventory:

Hand Weapons
 w - a +2 dagger of venom (weapon)
Armour
 a - a +0 robe
 r - a +0 helmet (worn)
 t - a +1 pair of boots (worn)
 y - a +1 robe of cold resistance
 C - a cursed +0 leather armour (worn)
Jewellery
 d - an uncursed ring of resist corrosion
 k - a +3 ring of slaying
 o - a ring of protection from fire (right hand)
 u - a ring of positive energy (left hand)
 F - an uncursed amulet of guardian spirit
Wands
 D - a wand of flame (13)
 H - a wand of paralysis (7)
Scrolls
 e - 7 scrolls of remove curse
 f - a scroll of identify
 g - a scroll of fog
 i - 5 scrolls of enchant armour
 q - 4 scrolls of teleportation
 v - a scroll of blinking
 x - a scroll of amnesia {unknown}
 z - a scroll of enchant weapon
 B - a scroll of magic mapping {unknown}
 E - a scroll of vulnerability {unknown}
Potions
 h - 3 potions of curing
 l - 3 potions of mutation
 m - a potion of lignification
 n - a potion of magic
 p - 2 potions of agility
 s - 2 potions of ambrosia
 G - a potion of haste {unknown}
Books
 b - a book of Conjurations

   Spells                             Type                      Level
   a - Magic Dart                     Conjuration                  1
   b - Searing Ray                    Conjuration                  2
   c - Dazzling Spray                 Conjuration/Hexes            3
   d - Fulminant Prism                Conjuration/Hexes            4
   e - Force Lance                    Conjuration/Translocation    4
   f - Iskenderun's Mystic Blast      Conjuration                  4
 j - a book of Maledictions

   Spells                             Type                      Level
   a - Corona                         Hexes                        1
   b - Ensorcelled Hibernation        Hexes/Ice                    2
   c - Confuse                        Hexes                        3
   d - Tukima's Dance                 Hexes                        3
   e - Dazzling Spray                 Conjuration/Hexes            3
 A - a book of Misfortune

   Spells                             Type                      Level
   a - Confusing Touch                Hexes                        1
   b - Confuse                        Hexes                        3
   c - Gell's Gravitas                Translocation                3
   d - Petrify                        Transmutation/Earth          4
   e - Metabolic Englaciation         Hexes/Ice                    5
   f - Yara's Violent Unravelling     Hexes/Transmutation          5
Comestibles
 c - 10 rations


   Skills:
 - Level 2.4 Dodging
 - Level 2.4 Stealth
 * Level 11.7 Spellcasting
 * Level 10.6 Conjurations
 + Level 7.0 Hexes


You had 20 spell levels left.
You knew the following spells:

 Your Spells              Type           Power        Failure   Level  Hunger
a - Magic Dart            Conj           ####         1%          1    None
b - Searing Ray           Conj           ######       1%          2    None
c - Iskenderun's Mystic   Conj           ######..     1%          4    None
d - Fulminant Prism       Conj/Hex       ######....   1%          4    None


Dungeon Overview and Level Annotations

Branches:
Dungeon (9/15)             Temple (1/1) D:5
   Lair: D:8-11         Orc: D:9-12

Altars:
Ashenzari
Cheibriados
Dithmenos
Elyvilon
Fedhas
Hepliaklqana
Kikubaaqudgha
Makhleb
Okawaru
Ru
Trog
Uskayaw
Vehumet
Wu Jian
Xom
The Shining One

Shops:
D:4 [

Annotations:
D:4 dscm's ghost, novice HOFi
D:5 Pyrotika's ghost, novice MiBe


Message History

The merfolk hits you from afar with a spear.
The merfolk closely misses you.
There is an open door here.
You hit the merfolk.
The merfolk is severely wounded.
The merfolk hits you with a spear.
You hit the merfolk but do no damage.
The merfolk is severely wounded.
The merfolk hits you with a spear!!
* * * LOW HITPOINT WARNING * * *
You hit the merfolk.
The merfolk is poisoned.
The merfolk is severely wounded.
The merfolk barely misses you.
You barely miss the merfolk.
The merfolk is severely wounded.
The merfolk completely misses you.
You hit the merfolk but do no damage.
The merfolk is severely wounded.
The merfolk hits you with a spear!
You die...

#................. #######
#................. #.....#
#................. #.....#
#####..............
#.....#########≈.%#############..
...........>..#≈.(#...........#..
..............#≈.##...........#..
..............#≈m†#.).........#..
..............##@##.......((..#..
..............................#..
#.....#.....##########.....#..#.#
......#.....#..............#.....
......#.....#..............#.....
......#.....#..............#.....
......#.....#..............#.....
#################################


You could see a merfolk.

Vanquished Creatures
  A two-headed ogre (D:8)
  2 hippogriffs (D:8)
  An orc warrior (D:7)
  A black bear (D:8)
  A phantom (D:6)
  A necrophage (D:9)
  An ogre (D:8)
  2 centaurs
  5 bullfrogs
  A wyvern skeleton (D:7)
  2 scorpions
  3 howler monkeys (D:7)
  4 crimson imps
  4 hounds
  A quasit (D:5)
  A bullfrog zombie (D:7)
  3 jellies
  2 bullfrog skeletons (D:8)
  An orc priest (D:4)
  4 orc wizards
  A centaur skeleton (D:9)
  2 iguanas
  4 worker ants
  A killer bee zombie (D:7)
  A mummy (D:8)
  3 gnolls (D:4)
  2 howler monkey skeletons (D:4)
  8 adders
  A shadow imp (D:8)
  2 oozes
  An adder zombie (D:5)
  3 adder skeletons
  4 worms
  A dart slug (D:1)
  7 leopard geckos
  12 orcs
  A ball python (D:2)
  5 giant cockroaches
  13 goblins
  12 hobgoblins
  12 jackals
  A quokka (D:4)
  7 bats
  6 frilled lizards
  A goblin skeleton (D:8)
  4 hobgoblin zombies (D:8)
  A jackal skeleton (D:4)
  11 kobolds
  2 kobold zombies (D:8)
  2 orc skeletons (D:8)
  2 orc zombies (D:8)
  A quokka skeleton (D:5)
  6 rats
181 creatures vanquished.

Vanquished Creatures (others)
  A bush (D:1)
  2 fulminant prisms (D:8)
  A plant (D:1)
4 creatures vanquished.

Grand Total: 185 creatures vanquished

Notes
Turn   | Place    | Note
-------+----------+-------------------------------------------
     0 | D:1      | lorenzova the Deep Elf Conjurer began the quest for the Orb.
     0 | D:1      | Reached XP level 1. HP: 10/10 MP: 6/6
   286 | D:1      | Reached XP level 2. HP: 15/15 MP: 6/8
   290 | D:1      | Learned a level 2 spell: Searing Ray
   729 | D:1      | Reached skill level 4 in Spellcasting
   968 | D:1      | Reached skill level 5 in Conjurations
   968 | D:1      | Reached XP level 3. HP: 19/19 MP: 6/10
  1424 | D:2      | Found a faded altar of an unknown god.
  1973 | D:2      | Reached XP level 4. HP: 24/24 MP: 10/12
  1979 | D:2      | Learned a level 4 spell: Iskenderun's Mystic Blast
  2578 | D:3      | Reached skill level 5 in Spellcasting
  3505 | D:4      | Found Xeew's Antique Armour Boutique.
  3525 | D:4      | Reached XP level 5. HP: 28/28 MP: 5/14
  3810 | D:4      | Found a white marble altar of Elyvilon.
  3878 | D:4      | Reached skill level 6 in Spellcasting
  3895 | D:4      | Reached XP level 6. HP: 32/32 MP: 0/17
  3905 | D:4      | Learned a level 4 spell: Fulminant Prism
  3986 | D:4      | Noticed dscm's ghost (novice HOFi)
  4655 | D:5      | Entered Level 5 of the Dungeon
  4918 | D:5      | Reached skill level 1 in Hexes
  5190 | D:5      | Reached skill level 7 in Spellcasting
  5278 | D:5      | Noticed Pyrotika's ghost (novice MiBe)
  6011 | D:5      | Reached XP level 7. HP: 36/36 MP: 12/19
  6134 | D:5      | Found a staircase to the Ecumenical Temple.
  6144 | Temple   | Entered the Ecumenical Temple
  6155 | Temple   | Became a worshipper of Vehumet
  6244 | D:6      | Found a burning altar of Makhleb.
  6250 | D:6      | Found a shadowy altar of Dithmenos.
  6823 | D:6      | Found a sacrificial altar of Ru.
  6827 | D:6      | Reached skill level 8 in Spellcasting
  7024 | D:6      | Found a blossoming altar of Fedhas.
  7613 | D:7      | Reached XP level 8. HP: 36/41 MP: 14/22
  7857 | D:7      | Reached skill level 9 in Spellcasting
  8303 | D:7      | Found an ornate altar of the Wu Jian Council.
  8795 | D:8      | Noticed a hippogriff
  8868 | D:8      | Reached skill level 5 in Hexes
  8935 | D:8      | Noticed a hippogriff
  8939 | D:8      | Killed a hippogriff
  8939 | D:8      | Reached * piety under Vehumet
  8939 | D:8      | Offered knowledge of Freeze by Vehumet.
  8939 | D:8      | Reached skill level 10 in Spellcasting
  8946 | D:8      | Noticed a two-headed ogre
  9329 | D:8      | Killed a hippogriff
  9329 | D:8      | Reached XP level 9. HP: 42/45 MP: 12/25
  9407 | D:8      | Killed a two-headed ogre
  9407 | D:8      | Reached skill level 11 in Spellcasting
  9407 | D:8      | Reached skill level 10 in Conjurations
  9716 | D:8      | Found a glowing golden altar of the Shining One.
  9882 | D:8      | Found a snail-covered altar of Cheibriados.
 10623 | D:9      | Noticed a merfolk
 10635 | D:9      | Slain by a merfolk

Skill      XL: |  1  2  3  4  5  6  7  8  9 |
---------------+----------------------------+-----
Spellcasting   | 4 5 6 7 8 10 11 | 11.7
Conjurations   | 5 6 7 8 9 10 | 10.6
Hexes          | 2 3 5 7 |  7.0
Dodging        | |  2.4
Stealth        | |  2.4

Action                   |  1- 3 |  4- 6 |  7- 9 || total
-------------------------+-------+-------+-------++-------
Melee: Dagger            |   129 |    22 |     9 ||   160
 Cast: Magic Dart        |    83 |   146 |   205 ||   434
       Searing Ray       |     1 |     3 |     3 ||     7
       Iskenderun's Myst |       |     5 |    56 ||    61
       Fulminant Prism   |       |       |     2 ||     2
  Use: Scroll            |       |     8 |    10 ||    18
       Potion            |       |     2 |       ||     2
 Stab: Sleeping          |       |       |     1 ||     1
  Eat: Chunk             |     3 |    10 |    11 ||    24
       Ration            |       |     1 |     1 ||     2
Armor: Robe              |     1 |     8 |     4 ||    13
       Leather armour    |       |       |     9 ||     9
Dodge: Dodged            |    13 |    47 |    56 ||   116
